Unix NetHack Version 5.0.0-0 post-release - last build May  4 2026 22:22:43 (774f63e81ad911689b3a0859ea89b322d5daca8d,branch:main).

Game began 2026-05-07 01:33:28, ended 2026-05-07 01:40:38.

BeardyHaddock, neutral male gnomish Archeologist

                                          -------
        -------                          --.--..----- --
        |.....|      ----              ---.............|
       --.|...|      |..|          -----.........---
       |..|-..|       ..--        --.|.............--
       |.------       -..|        |....).........)..|
   ----|.|            |..--       |......<......)...--
  --@.-|.|            |...|       -.....-....---.....|
 --.i..|.|          ---.|.|--    -.........---|.....-|
 |....-|.--        --...|.|.--- |........------......|
 |.....|.)--       |..*.|.....| --.....`---........-.-
 ----......--     --....|--...|  ---....||. -...|......
    |.......----  |.....| --..|    ---..-|.|...--------
    |..........----.....-- |..|      |...|.|..-|            --
    ----....--`..........| --.|      |..-|.|*..---     ......|
       --....|---------.^|  |.----   |..--...........*.......|
        --...-        |..-- |....-----.......-------       ...|
         |......|    --...| ----.......|.*.---               --
         |..|.---    |....|    |..----------
         ------      --.---    |..|
                      ---      ----
BeardyHaddock the Digger   St:15 Dx:9 Co:14 In:17 Wi:12 Ch:8  Neutral
Dlvl:3  $:22 HP:0(18) Pw:7(7) AC:4  Xp:2 T:1226  Burdened

Latest messages:
 You swap places with your kitten.
 You swap places with your kitten.
 The gecko bites!
 You lash the gecko.
 You miss the gecko.
 The gecko bites!
 You kill the gecko!
 You swap places with the peaceful gnome.
 The kitten bites the gnome.
 You swap places with your kitten.
 The kitten bites the gnome.
 The gnome is killed!
 Your kitten eats a gnome corpse.
 You swap places with your kitten.
 You fall down the stairs.
 The kitten bites the fox.
 Your kitten grows up into a housecat.
 Are you waiting to get hit?  Use 'm' prefix to force a no-op (to rest).
 Are you waiting to get hit?  Use 'm' prefix to force a no-op (to rest).
 Are you waiting to get hit?  Use 'm' prefix to force a no-op (to rest).
 Are you waiting to get hit?  Use 'm' prefix to force a no-op (to rest).
 Are you waiting to get hit?  Use 'm' prefix to force a no-op (to rest).
 Are you waiting to get hit?  Use 'm' prefix to force a no-op (to rest).
 Your housecat eats a fox corpse.
 The homunculus bites!
 The homunculus misses!
 You miss the homunculus.
 The homunculus bites!
 The homunculus bites!
 You climb up the stairs.
 The homunculus bites!
 You lash the homunculus.
 The homunculus misses!
 You lash the homunculus.
 The homunculus bites!
 The homunculus bites!
 You are put to sleep by the homunculus!
 You wake up.
 You lash the homunculus.
 The homunculus bites!
 You miss the homunculus.
 The homunculus bites!
 You are put to sleep by the homunculus!
 The homunculus bites!
 You die...
 Do you want your possessions identified? [ynq] (y) n
 Do you want to see your attributes? [ynq] (y) n
 Do you want an account of creatures vanquished? [ynaq] (y) n
 Do you want to see your conduct and achievements? [ynq] (y) n
 Do you want to see the dungeon overview? [ynq] (y) n

Inventory:
 Coins    ('$')
  $ - 22 gold pieces
 Weapons  (')')
  a - a +2 bullwhip (weapon in right hand)
 Armor    ('[')
  c - an uncursed +0 fedora (being worn)
  j - an uncursed +2 orcish helm
  k - an uncursed +0 bronze plate mail (being worn)
 Comestibles  ('%')
  r - an uncursed cream pie
  d - 5 uncursed food rations
  m - an uncursed tripe ration
 Scrolls  ('?')
  s - an uncursed scroll of confuse monster
  i - a cursed scroll of create monster
  v - a cursed scroll of identify
 Spellbooks  ('+')
  t - an uncursed spellbook of create familiar
 Potions  ('!')
  u - an uncursed potion of water
 Tools    ('(')
  h - an empty uncursed sack
  e - a +0 pick-axe (alternate weapon; not wielded)
  f - a tinning kit (0:75)
  w - an uncursed towel
 Gems/Stones  ('*')
  g - an uncursed touchstone

BeardyHaddock the Archeologist's attributes:

Background:
 You were a Digger, a level 2 male gnomish Archeologist.
 You were neutral, nominally on a mission for Camaxtli
 who was opposed by Quetzalcoatl (lawful) and Huhetotl (chaotic).
 You were right-handed.
 You were in the Gnomish Mines, on level 3.
 You entered the dungeon 1226 turns ago.
 It was nighttime.
 You had 31 experience points, 9 more were needed to attain level 3.

Basics:
 You had 0 out of 18 hit points.
 You had all 7 energy points (spell power).
 Your armor class was 4.
 Your wallet contained 22 zorkmids.
 Autopickup was off.

Final Characteristics:
 Your strength was 15 (limit:18/50).
 Your dexterity was 9 (limit:18).
 Your constitution was 14 (limit:18).
 Your intelligence was 17 (limit:19).
 Your wisdom was 12 (limit:18).
 Your charisma was 8 (limit:18).

Final Status:
 You weren't hungry.
 You were burdened; movement was slightly slowed.
 You were wielding a whip.
 You had basic skill with whip.

Final Attributes:
 You were devoutly aligned.
 You had automatic searching.
 You had infravision.
 You were warded.
 You were lucky.
 You are dead.

Miscellaneous:
 You didn't encounter any bones levels.
 Total elapsed playing time was 7 minutes and 9 seconds.

Major events:
 Turn
    1: BeardyHaddock the neutral male gnomish Archeologist entered the dungeon
  945: entered the Gnomish Mines
 1226: killed by a homunculus, while sleeping

You didn't know any spells.

Skills:
 Fighting Skills
   bare handed combat [Unskilled]
   two weapon combat  [Unskilled]
   riding             [Unskilled]
 Weapon Skills
   dagger             [Unskilled]
   knife              [Unskilled]
   pick-axe           [Basic]
   short sword        [Unskilled]
   saber              [Unskilled]
   club               [Unskilled]
   quarterstaff       [Unskilled]
   sling              [Unskilled]
   dart               [Unskilled]
   boomerang          [Unskilled]
   whip               [Basic]
   unicorn horn       [Unskilled]
 Spellcasting Skills
   attack spells      [Unskilled]
   healing spells     [Unskilled]
   divination spells  [Unskilled]
   matter spells      [Unskilled]

Voluntary challenges:
 Character rerolling was not enabled.
 You were an atheist.
 You never genocided any monsters.
 You never polymorphed an object.
 You never changed form.
 You used no wishes.
Achievements:
 You entered a shop.
 You entered the Gnomish Mines.

 The Dungeons of Doom: levels 1 to 2
    Level 1:
    Level 2:
       A potion shop, a fountain, a grave.
       Stairs down to The Gnomish Mines.
 The Gnomish Mines: levels 3 to 4
    Level 3: <- You were here.
       Final resting place for
          you, killed by a homunculus, while sleeping.
    Level 4:


Vanquished creatures:
  2 shriekers
 an acid blob
  a coyote
  3 gnomes
  2 geckos
  5 jackals
  a fox
  3 goblins
  a sewer rat
  3 grid bugs
  a lichen
  7 newts
30 creatures vanquished.

No species were genocided or became extinct.

Game over:
                       ----------
                      /          \
                     /    REST    \
                    /      IN      \
                   /     PEACE      \
                  /                  \
                  |  BeardyHaddock   |
                  |      22 Au       |
                  |   killed by a    |
                  |    homunculus    |
                  |                  |
                  |                  |
                  |       2026       |
                 *|     *  *  *      | *
        _________)/\\_//(\/(/\)/\//\/|_)_______

Goodbye BeardyHaddock the Archeologist...

You died in The Gnomish Mines on dungeon level 3 with 304 points,
and 22 pieces of gold, after 1226 moves.
You were level 2 with a maximum of 18 hit points when you died.

